 Dungeon Crawl Stone Soup version 0.27.0-1-g7a089689b8 (webtiles) character file.

Game seed: 13223262344517480198

113 inmateoo the Skirmisher (level 4, 0/31 HPs)
             Began as a Tengu Warper on Aug 6, 2021.
             Slain by a gnoll (7 damage)
             ... on level 3 of the Dungeon.
             The game lasted 00:02:00 (2947 turns).

inmateoo the Skirmisher (Tengu Warper)              Turns: 2947, Time: 00:02:00

Health: 0/31       AC:  8    Str: 12    XL:     4   Next: 96%
Magic:  8/8        EV:  5    Int: 14    God:
Gold:   51         SH:  0    Dex: 13    Spells: 7/7 levels left

rFire    . . .     SeeInvis .   a - +1 falchion
rCold    . . .     Faith    .   (no shield)
rNeg     . . .     Spirit   .   e - +0 chain mail
rPois    .         Reflect  .   (helmet restricted)
rElec    .         Harm     .   (no cloak)
rCorr    .         Rampage  .   (no gloves)
Will     .....                  (boots unavailable)
Stlth    ..........             (no amulet)
HPRegen  0.10/turn              (no ring)
MPRegen  0.11/turn              (no ring)

@: no status effects
A: beak, talons 3
a: no special abilities


You were on level 3 of the Dungeon.
You visited 1 branch of the dungeon, and saw 3 of its levels.

You collected 51 gold pieces.

Inventory:

Hand Weapons
 a - a +1 falchion (weapon)
Missiles
 d - 5 boomerangs of dispersal (quivered)
Armour
 e - a +0 chain mail (worn)
Scrolls
 b - 2 scrolls of teleportation
 c - a scroll of blinking
 h - 2 scrolls of fear
Potions
 f - a potion of cancellation {unknown}
 g - a potion of curing
 i - 3 potions of might {unknown}


   Skills:
 + Level 5.0 Fighting
 - Level 2.1 Long Blades
 - Level 1.0 Throwing
 - Level 1.1 Armour
 - Level 2.1 Dodging
 - Level 2.0 Spellcasting
 - Level 2.4 Translocations


You had 7 spell levels left.
You didn't know any spells.
Your spell library contained the following spells:

 Spells                   Type           Power      Damage    Failure   Level
 Blink                    Tloc           N/A        N/A       99%         2
 Sublimation of Blood     Necr           0%         N/A       100%        2
 Wereblood                Tmut           1%         N/A       100%        2
 Gell's Gravitas          Tloc           4%         N/A       100%        3
 Lesser Beckoning         Tloc           4%         N/A       100%        3
 Ozocubu's Armour         Ice            1%         N/A       100%        3
 Teleport Other           Tloc           8%         N/A       100%        3
 Manifold Assault         Tloc           8%         N/A       100%        5
 Metabolic Englaciation   Hex/Ice        0%         N/A       100%        5
 Simulacrum               Ice/Necr       0%         N/A       100%        6
 Summon Hydra             Summ           0%         N/A       100%        7


Dungeon Overview and Level Annotations

Branches:
Dungeon (3/15)

Altars:
Hepliaklqana
Nemelex Xobeh
Wu Jian

Shops:
D:1 *


Innate Abilities, Weirdness & Mutations

You have a beak for a mouth.
You have claws for feet.


Message History

The ball python bites you. The ball python constricts you.
You hit the ball python.
You kill the ball python!
Things that are here:
a +0 club; a kobold corpse No target in view!
Found a stone staircase leading down.
No target in view!
No target in view!
A gnoll comes into view. It is wielding a +0 whip.
A gnoll is nearby!
The gnoll hits you but does no damage.
A gnoll is nearby!
A gnoll is nearby!
You hit the gnoll. You peck the gnoll.
The gnoll is heavily wounded.
The gnoll hits you but does no damage.
You hit the gnoll.
The gnoll is almost dead.
The gnoll hits you with a +0 whip.
You completely miss the gnoll.
The gnoll is almost dead.
A gnoll comes into view. It is wielding a +0 flail.
The gnoll hits you with a +0 whip.
You are too injured to fight recklessly!
The gnoll shouts!
You hit the gnoll.
You kill the gnoll!
Training target 5.0 for Fighting reached!
Your Fighting skill increases to level 5!
You need to enable at least one skill for training.
You hit the gnoll. You claw the gnoll, but do no damage.
The gnoll is moderately wounded.
The gnoll hits you with a +0 flail!
* * * LOW HITPOINT WARNING * * *
You are too injured to fight recklessly!
You barely miss the gnoll. Your kick misses the gnoll. You peck the gnoll.
The gnoll is severely wounded.
The gnoll hits you with a +0 flail!
You die...

#.# ############.###
..............>#
##..#######..#.#
###.## ####..#.#
.....###.##).#.#
.≈≈≈.....##..#.# #
.≈...###.##..#.#####.#
≈≈.≈.#.......#..@g.).#
...≈.#.#.#..##########
≈≈≈≈.#.#........
.....#.#..#.####
≈≈≈≈...#.##.#
...≈...#....#
≈≈.≈.#.###..#
.≈...#.###..#
.≈≈≈.#......#


You could see a gnoll.

Vanquished Creatures
  4 adders
  A gnoll (D:3)
  2 dart slugs
  An orc (D:3)
  4 endoplasms
  3 giant cockroaches
  5 goblins
  6 hobgoblins
  2 jackals (D:3)
  7 kobolds
  3 quokkas
  4 ball pythons
  4 bats
  5 frilled lizards
  10 rats
  A toadstool (D:1)
62 creatures vanquished.

Vanquished Creatures (others)
  3 toadstools (D:1)
3 creatures vanquished.

Grand Total: 65 creatures vanquished

Notes
Turn   | Place    | Note
-------+----------+-------------------------------------------
     0 | D:1      | inmateoo the Tengu Warper began the quest for the Orb.
     0 | D:1      | Reached XP level 1. HP: 12/12 MP: 4/4
    38 | D:1      | You fall into a shaft and drop 1 floor!
    99 | D:2      | Found an ornate altar of the Wu Jian Council.
   367 | D:1      | Reached XP level 2. HP: 18/18 MP: 6/6
   435 | D:1      | Reached skill level 3 in Fighting
   724 | D:1      | Reached XP level 3. HP: 22/23 MP: 7/7
  1019 | D:1      | Found Tolal's General Store.
  1945 | D:2      | Reached skill level 4 in Fighting
  2086 | D:2      | Reached XP level 4. HP: 25/29 MP: 8/8
  2286 | D:3      | Found a faded altar of an unknown god.
  2544 | D:3      | Found a hazy altar of Hepliaklqana.
  2861 | D:3      | Found a sparkling altar of Nemelex Xobeh.
  2944 | D:3      | Reached skill level 5 in Fighting
  2947 | D:3      | Slain by a gnoll

Illustrated notes

Levels and vault maps discovered:
D:1:      ldierk_water_garden, layout_basic, serial_shops, shop,
          minmay_misc_feat_secret_circle, hex_large, patterned_corridor
D:2:      layout_rooms, basic_altar
D:3:      layout_basic, overflow_temple_1_default,
          mainiacjoe_overflow_large_starburst, ebering_ecumenical_altar_ruins,
          serial_shops, shop_statue, kennysheep_jessica_study

Skill      XL: |  1  2  3  4 |
---------------+-------------+-----
Fighting       | 3 4 5 |  5.0
Long Blades    | |  2.1
Throwing       | |  1.0
Armour         | |  1.1
Dodging        | |  2.1
Spellcasting   | |  2.0
Translocations | |  2.4

Action                   |  1- 3 |  4- 6 || total
-------------------------+-------+-------++-------
Melee: Falchion          |   101 |    51 ||   152
       Kick              |    23 |    10 ||    33
       Peck              |    15 |     8 ||    23
  Use: Scroll            |     4 |     5 ||     9
Armor: Chain mail        |    64 |    40 ||   104
       Leather armour    |     1 |       ||     1
Dodge: Dodged            |    37 |    12 ||    49
       Rpst.: Falchion   |     7 |     3 ||    10
